 Dungeon Crawl Stone Soup version 0.31-a0-692-gf03d1854d5 (webtiles) character file.

Game seed: 10360790391762601245

96 Essalna the Conjurer (level 4, -2/30 HPs)
             Began as a Demonspawn Conjurer on Sept 7, 2023.
             Killed from afar by an orc wizard (11 damage)
             ... with a magic dart
             ... on level 3 of the Dungeon.
             The game lasted 00:03:14 (2586 turns).

Essalna the Conjurer (Demonspawn Conjurer)          Turns: 2586, Time: 00:03:15

Health: -2/30      AC:  3    Str:  7    XL:     4   Next: 41%
Magic:  1/9        EV: 12    Int: 22    God:
Gold:   86         SH:  0    Dex: 11    Spells: 6/9 levels left

rFire   . . .        l - +4 short sword
rCold   . . .        (no shield)
rNeg    . . .        a - +0 robe
rPois   .            (helmet restricted)
rElec   .            k - +0 cloak
rCorr   .            (no gloves)
SInv    .            (no boots)
Will    .....        (no amulet)
Stlth   +            (no ring)
HPRegen 0.25/turn    (no ring)
MPRegen 0.11/turn

%: no passive effects
@: confused
A: horns 1, powered by death 1, evolution 1
a: no special abilities


You were on level 3 of the Dungeon.
You visited 1 branch of the dungeon, and saw 3 of its levels.

You collected 86 gold pieces.

Inventory:

Hand Weapons
 h - a +0 spear
 l - a +4 short sword (weapon)
Armour
 a - a +0 robe (worn)
 k - a +0 cloak (worn)
Magical Staves
 m - a staff of earth
Scrolls
 e - 2 scrolls of revelation {unknown}
 f - 2 scrolls of enchant weapon {unknown}
 g - 6 scrolls of identify {unknown}
 i - 3 scrolls of poison {unknown}
 n - a scroll of teleportation {unknown}
 q - a scroll of enchant armour {unknown}
Potions
 b - a potion of magic
 c - a potion of mutation
 d - a potion of berserk rage {unknown}
 j - 2 potions of curing {unknown}
 o - a potion of brilliance {unknown}
 p - a potion of cancellation {unknown}
 r - a potion of haste {unknown}


   Skills:
 - Level 1.7 Dodging
 - Level 1.7 Stealth
 + Level 3.3 Spellcasting
 + Level 5.0 Conjurations


You had 6 spell levels left.
You knew the following spells:

 Your Spells              Type           Power      Damage    Failure   Level
a - Magic Dart            Conj           100%       1d8       1%          1
b - Searing Ray           Conj           52%        2d6       2%          2

Your spell library contained the following spells:

 Spells                   Type           Power      Damage    Failure   Level
 Dazzling Flash           Conj/Hex       28%        N/A       13%         3
 Fulminant Prism          Conj/Hex       7%         3d7       38%         4
 Iskenderun's Mystic Bla  Conj/Tloc      14%        2d5       38%         4


Dungeon Overview and Level Annotations

Branches:
Dungeon (3/15)

Altars:

Shops:
D:1 (

Annotations:
D:2 1 runed translucent door, Crazy Yiuf


Innate Abilities, Weirdness & Mutations

You have a pair of small horns on your head.
You regenerate a little health from kills.
You have hidden genetic potential.


Message History

You kill the orc wizard!
The searing ray hits the orc.
You kill the orc!
A puff of flame appears from out of thin air!
The puff of flame hits you.
Your Conjurations skill increases to level 5!
You finish channelling your searing ray.
Casting: Searing Ray (safe; 2% risk of failure)
Confirm with . or Enter, or press ? or * to list all spells.
Okay, then.
Unknown command.
You miss something.
You hear some strange, mumbled words.
A magic dart appears from out of thin air!
The magic dart hits you.
You hit something. Something hits you.
You barely miss something. Your headbutt misses something.
Something hits you but does no damage.
You hit something. Your headbutt misses something.
An orc wizard appears from thin air!
Reactivating autopickup.
The orc wizard points at you and mumbles some strange words.
You are confused.
You bump into the rock wall.
The orc wizard hits you with a +0 dagger.
You miss the orc wizard. Your headbutt misses the orc wizard.
The orc wizard is severely wounded.
The orc wizard hits you with a +0 dagger.
* * * LOW HITPOINT WARNING * * *
You're too confused to cast spells.
Sorry, you're not good enough to have a special ability.
Unknown command.
You're too confused to cast spells.
Sorry, you're not good enough to have a special ability.
Unknown command.
It was a potion of mutation.
You feel extremely strange.
You feel a hidden potential growing inside you.
The orc wizard casts a spell at you. The magic dart hits you!
You die...

#..........#.......
#.###.##.##########
#. #...............
.##.....##########
..#..##########
#.#..#.........
#.#..#.########
#.#..#'#####
#@#........#
#o#........#
#####.#........#
#....).....#####
#.###.#..###
#.....#..#
#.....#..#
#........#
#........#


You could see an orc wizard.

Vanquished Creatures
  An orc wizard (D:3)
  2 adders (D:2)
  2 worms (D:2)
  A dart slug (D:1)
  An orc (D:3)
  3 endoplasms
  4 giant cockroaches
  5 goblins
  5 hobgoblins
  A quokka (D:2)
  4 ball pythons
  5 bats
  2 frilled lizards
  4 kobolds
  5 rats
45 creatures vanquished.

Notes
Turn   | Place    | Note
-------+----------+-------------------------------------------
     0 | D:1      | Essalna the Demonspawn Conjurer began the quest for the
                  | Orb.
     0 | D:1      | Reached XP level 1. HP: 13/13 MP: 3/3
   263 | D:1      | Found Wueffayz's Weapon Boutique.
   426 | D:1      | Gained mutation: You regenerate a little health from kills.
                  | [demonic ancestry]
   426 | D:1      | Reached XP level 2. HP: 19/19 MP: 1/5
   980 | D:2      | Discovered your monstrous ancestry.
   980 | D:2      | Gained mutation: You have a pair of small horns on your
                  | head. [demonic ancestry]
   980 | D:2      | Reached XP level 3. HP: 24/24 MP: 1/7
   983 | D:2      | Learned a level 2 spell: Searing Ray
  2216 | D:2      | Found a runed translucent door.
  2217 | D:2      | Noticed Crazy Yiuf
  2525 | D:3      | Reached XP level 4. HP: 30/30 MP: 6/8
  2578 | D:3      | Reached skill level 5 in Conjurations
  2586 | D:3      | Gained mutation: You have hidden genetic potential. [potion
                  | of mutation]
  2586 | D:3      | Killed from afar by an orc wizard

Illustrated notes

Levels and vault maps discovered:
D:1:      dpeg_arrival_connections, layout_basic, serial_shops, shop
D:2:      layout_loops_corners, chequers_hall_statues_wall_a,
          uniq_crazy_yiuf_cottage
D:3:      layout_basic, ebering_ecumenical_altar_sacrificial, serial_shops, shop

Skill      XL: |  1  2  3  4 |
---------------+-------------+-----
Spellcasting   | 3 |  3.3
Conjurations   | 5 |  5.0
Dodging        | |  1.7
Stealth        | |  1.7

Action                     |  1- 3 |  4- 6 || total
---------------------------+-------+-------++-------
  Melee: Unarmed           |    10 |       ||    10
         Spear             |     1 |       ||     1
         Punch             |     1 |       ||     1
         Short sword       |     3 |     5 ||     8
   Cast: Magic Dart        |    89 |     5 ||    94
         Searing Ray       |       |     1 ||     1
    Use: Potion            |       |     1 ||     1
 Armour: Robe              |    13 |    10 ||    23
  Dodge: Dodged            |     9 |       ||     9

Table legend: (Time is in decaauts)
 A = Elapsed time spent in this place.
 B = Non-inter-level travel time spent in this place.
 C = Inter-level travel time spent in this place.
 D = Time resting spent in this place.
 E = Time spent auto-exploring this place.
 F = Levels seen in this place.
 G = Mean time per level.
                   A        B        C        D        E       F      G
               +--------+--------+--------+--------+--------+-----+--------+
         Total |   2584 |   2427 |    157 |      0 |   2185 |   3 |  861.3 |
       Dungeon |   2584 |   2427 |    157 |      0 |   2185 |   3 |  861.3 |
               +--------+--------+--------+--------+--------+-----+--------+

Top non-repeatable levels by time:
     D:2: 1438 daAuts
     D:1: 893 daAuts
     D:3: 252 daAuts
